EL
NEW HAMPSHIRE FISHER CATS @ MONTGOMERY BISCUITS
07/16/2047
 
TOP OF THE 1ST
New Hampshire Fisher Cats batting - Pitching for Montgomery Biscuits : RHP Julian Black
Pitching: RHP Julian Black
Batting: RHB Frank Caulfield 0-0: Ball
1-0: Foul Ball, location: 2F
1-1: Foul Ball, location: 2F
1-2: Ground out 4-3 (Groundball, 4M, EV 98.8 MPH)
Batting: RHB Bill Murray 0-0: Called Strike
0-1: Ball
1-1: Foul Ball, location: 2F
1-2: Foul Ball, location: 2F
1-2: Strikes out swinging
Batting: LHB Rodrigo Briceno 0-0: Ball
1-0: DOUBLE (Line Drive, 7LM, EV 109.4 MPH)
Batting: RHB Jorge Baret 0-0: Ground out 1-3 (Groundball, 13, EV 63.8 MPH)
Top of the 1st over - 0 runs, 1 hit, 0 errors, 1 left on base; New Hampshire 0 - Montgomery 0
BOTTOM OF THE 1ST
Montgomery Biscuits batting - Pitching for New Hampshire Fisher Cats : RHP Jeremy Thomsen
Pitching: RHP Jeremy Thomsen
Batting: RHB Sesto Carpini 0-0: Called Strike
0-1: Foul Ball, location: 2F
0-2: Ball
1-2: Ball
2-2: Ball
3-2: Base on Balls
Batting: LHB Harris Vink 0-0: Ball
Sesto Carpini steals 2nd base
1-0: Called Strike
1-1: Called Strike
1-2: Fly out, F7 (Flyball, 7S, EV 91.9 MPH)
Batting: RHB Chris Thorson 0-0: Swinging Strike
0-1: Ball
1-1: Ball
2-1: Ball
3-1: Called Strike
3-2: Strikes out swinging
Batting: LHB Darryl Gonnella 0-0: Ball
1-0: Ball
2-0: Foul Ball, location: 2F
2-1: SINGLE (Flyball, 8LS, EV 91.2 MPH)
Sesto Carpini to third
Runner from 3rd tries for Home, SAFE, throw by CF to home
Darryl Gonnella to second
Batting: RHB Jose Arriola 0-0: Called Strike
0-1: Ball
1-1: TRIPLE (Line Drive, 78D, EV 97.5 MPH)
Darryl Gonnella scores
Batting: RHB Freddy Mullen 0-0: Called Strike
0-1: Ground out 5-3 (Groundball, 5S, EV 69.4 MPH)
Bottom of the 1st over - 2 runs, 2 hits, 0 errors, 1 left on base; New Hampshire 0 - Montgomery 2
TOP OF THE 2ND
New Hampshire Fisher Cats batting - Pitching for Montgomery Biscuits : RHP Julian Black
Batting: RHB Selam Chimsima 0-0: Called Strike
0-1: Foul Ball, location: 2F
0-2: Ball
1-2: Fly out, F9 (Flyball, 89M, EV 96.2 MPH)
Batting: RHB Bryan Peterson 0-0: Called Strike
0-1: Ball
1-1: Called Strike
1-2: SINGLE (Groundball, 6S, EV 70.6 MPH) (infield hit)
Batting: SHB Tristan Dearing Pickoff Throw to First - Error! E1
Bryan Peterson to second
0-0: Ball
1-0: Ball
2-0: Hit by Pitch
Batting: RHB Andres de Leon 0-0: Foul Ball, location: 2F
0-1: Ball
1-1: Called Strike
1-2: Ball
2-2: Ground out 6-3 (Groundball, P, EV 86.2 MPH)
Bryan Peterson to third
Tristan Dearing to second
Batting: RHB Bryan Mattis 0-0: Ball
1-0: Foul Ball, location: 2F
1-1: Swinging Strike
1-2: Ground out 3-1 (Groundball, 34, EV 106.9 MPH)
Top of the 2nd over - 0 runs, 1 hit, 1 error, 2 left on base; New Hampshire 0 - Montgomery 2
BOTTOM OF THE 2ND
Montgomery Biscuits batting - Pitching for New Hampshire Fisher Cats : RHP Jeremy Thomsen
Batting: LHB Danny Hull 0-0: SINGLE (Groundball, 4M, EV 101.9 MPH) (infield hit)
Batting: SHB Julio Hernandez 0-0: Ball
1-0: Ball
2-0: Called Strike
2-1: SINGLE (Groundball, 34D, EV 102.5 MPH)
Danny Hull to second
Runner from 2nd tries for 3rd, SAFE, throw by RF made to third
Batting: RHB Khalil Walker 0-0: Called Strike
Julio Hernandez steals 2nd base (no throw)
0-1: Foul Ball, location: 2F
0-2: Ball
1-2: Foul Ball, location: 2F
1-2: Ball
2-2: Fly out, F8 (Line Drive, 8RD, EV 97.5 MPH)
Batting: RHB Sesto Carpini 0-0: Ball
1-0: Ball
2-0: 3-RUN HOME RUN (Flyball, 9D, EV 98.1 MPH), Distance : 361 ft
Pitching: LHP Eddie Muniz
Batting: LHB Harris Vink 0-0: Called Strike
0-1: Foul Ball, location: 2F
0-2: Strikes out swinging
Batting: RHB Chris Thorson 0-0: Ground out 5-3 (Groundball, 56S, EV 83.1 MPH)
Bottom of the 2nd over - 3 runs, 3 hits, 0 errors, 0 left on base; New Hampshire 0 - Montgomery 5
TOP OF THE 3RD
New Hampshire Fisher Cats batting - Pitching for Montgomery Biscuits : RHP Julian Black
Batting: RHB Frank Caulfield 0-0: Called Strike
0-1: Ball
1-1: Called Strike
1-2: SINGLE (Line Drive, 5D, EV 105.0 MPH)
Batting: RHB Bill Murray 0-0: Ball
1-0: Ball
2-0: Ball
3-0: Called Strike
3-1: Base on Balls
Frank Caulfield to second
Batting: LHB Rodrigo Briceno 0-0: Ball
1-0: Grounds into double play, 4-6-3 (Groundball, 34D, EV 90.0 MPH)
Frank Caulfield to third
Batting: RHB Jorge Baret 0-0: Called Strike
0-1: Ground out U3 (Groundball, 3, EV 85.0 MPH)
Top of the 3rd over - 0 runs, 1 hit, 0 errors, 1 left on base; New Hampshire 0 - Montgomery 5
BOTTOM OF THE 3RD
Montgomery Biscuits batting - Pitching for New Hampshire Fisher Cats : LHP Eddie Muniz
Batting: LHB Darryl Gonnella 0-0: Called Strike
0-1: Called Strike
0-2: Foul Ball, location: 2F
0-2: Ball
1-2: Ball
2-2: Strikes out swinging
Batting: RHB Jose Arriola 0-0: Ball
1-0: Ground out 3-1 (Groundball, 34, EV 101.9 MPH)
Batting: RHB Freddy Mullen 0-0: Called Strike
0-1: Ball
1-1: Ball
2-1: Swinging Strike
2-2: Ball
3-2: Base on Balls
Batting: LHB Danny Hull 0-0: Ball
1-0: Ball
2-0: Ball
3-0: Called Strike
3-1: Called Strike
3-2: Foul Ball, location: 2F
3-2: Ground out 4-3 (Groundball, 13, EV 88.1 MPH)
Bottom of the 3rd over - 0 runs, 0 hits, 0 errors, 1 left on base; New Hampshire 0 - Montgomery 5
TOP OF THE 4TH
New Hampshire Fisher Cats batting - Pitching for Montgomery Biscuits : RHP Julian Black
Batting: RHB Selam Chimsima 0-0: Ball
1-0: Foul Ball, location: 2F
1-1: Foul Ball, location: 2F
1-2: Strikes out swinging
Batting: RHB Bryan Peterson 0-0: SINGLE (Groundball, 25, EV 71.9 MPH) (infield hit)
Batting: SHB Tristan Dearing 0-0: Foul Ball, location: 2F
0-1: Ball
1-1: Swinging Strike
1-2: Ball
2-2: Strikes out swinging
Batting: RHB Andres de Leon 0-0: Ball
Bryan Peterson steals 2nd base
1-0: Ball
2-0: Ball
3-0: Called Strike
3-1: Base on Balls
Batting: RHB Bryan Mattis 0-0: Ball
1-0: Called Strike
1-1: Ball
2-1: Foul Ball, location: 2F
2-2: Ground out 5-3 (Groundball, 56S, EV 90.6 MPH)
Top of the 4th over - 0 runs, 1 hit, 0 errors, 2 left on base; New Hampshire 0 - Montgomery 5
BOTTOM OF THE 4TH
Montgomery Biscuits batting - Pitching for New Hampshire Fisher Cats : LHP Eddie Muniz
Batting: SHB Julio Hernandez 0-0: Swinging Strike
0-1: Swinging Strike
0-2: Ground out 5-3 (Groundball, 56S, EV 93.8 MPH)
Batting: RHB Khalil Walker 0-0: Ball
1-0: Foul Ball, location: 2F
1-1: Swinging Strike
1-2: Strikes out swinging
Batting: RHB Sesto Carpini 0-0: Ball
1-0: Ball
2-0: Ball
3-0: Called Strike
3-1: Base on Balls
Batting: LHB Harris Vink 0-0: Foul Ball, location: 2F
0-1: Ball
1-1: Swinging Strike
1-2: Ball
2-2: Strikes out swinging
Bottom of the 4th over - 0 runs, 0 hits, 0 errors, 1 left on base; New Hampshire 0 - Montgomery 5
TOP OF THE 5TH
New Hampshire Fisher Cats batting - Pitching for Montgomery Biscuits : RHP Julian Black
Batting: RHB Frank Caulfield 0-0: Called Strike
0-1: Ball
1-1: Ball
2-1: Foul Ball, location: 2F
2-2: Foul Ball, location: 2F
2-2: Ball
3-2: Ground out 5-3 (Groundball, 56, EV 89.4 MPH)
Batting: RHB Bill Murray 0-0: Called Strike
0-1: Called Strike
0-2: Ball
1-2: Fly out, F8 (Flyball, 8LXD, EV 106.9 MPH)
Batting: LHB Rodrigo Briceno 0-0: Ball
1-0: Swinging Strike
1-1: Ground out 4-3 (Groundball, 4, EV 88.1 MPH)
Top of the 5th over - 0 runs, 0 hits, 0 errors, 0 left on base; New Hampshire 0 - Montgomery 5
BOTTOM OF THE 5TH
Montgomery Biscuits batting - Pitching for New Hampshire Fisher Cats : LHP Eddie Muniz
Batting: RHB Chris Thorson 0-0: Swinging Strike
0-1: Called Strike
0-2: Ball
1-2: Foul Ball, location: 2F
1-2: Foul Ball, location: 2F
1-2: Ball
2-2: Foul Ball, location: 2F
2-2: Ground out 5-3 (Groundball, 56, EV 105.0 MPH)
Batting: LHB Darryl Gonnella 0-0: Fly out, F9 (Line Drive, 9LM, EV 105.6 MPH)
Batting: RHB Jose Arriola 0-0: Called Strike
0-1: Called Strike
0-2: Strikes out swinging
Bottom of the 5th over - 0 runs, 0 hits, 0 errors, 0 left on base; New Hampshire 0 - Montgomery 5
TOP OF THE 6TH
New Hampshire Fisher Cats batting - Pitching for Montgomery Biscuits : RHP Julian Black
Batting: RHB Jorge Baret 0-0: Foul Ball, location: 2F
0-1: Foul Ball, location: 2F
0-2: Ball
1-2: Ground out 6-3 (Groundball, 6S, EV 75.6 MPH)
Batting: RHB Selam Chimsima 0-0: SINGLE (Groundball, 5D, EV 95.0 MPH)
Batting: RHB Bryan Peterson 0-0: Fly out, F8 (Flyball, 8LM, EV 89.4 MPH)
Batting: SHB Tristan Dearing 0-0: Called Strike
0-1: Ball
1-1: Ball
2-1: Ball
3-1: Base on Balls
Selam Chimsima to second
Batting: RHB Andres de Leon 0-0: Ball
1-0: Ball
2-0: SINGLE (Groundball, 56D, EV 100.0 MPH)
Selam Chimsima to third
Tristan Dearing to second
Runner from 3rd tries for Home, SAFE, throw by LF to home
Batting: RHB Bryan Mattis 0-0: Ball
1-0: Called Strike
1-1: Foul Ball, location: 2F
1-2: Ball
Wild Pitch!
Tristan Dearing to third
Andres de Leon to second
2-2: DOUBLE (Groundball, 5L, EV 104.4 MPH)
Tristan Dearing scores
Andres de Leon scores
Pitching: LHP Tim Pulliam
Batting: RHB Frank Caulfield 0-0: Swinging Strike
0-1: Ball
1-1: Ground out U3 (Groundball, 34, EV 88.8 MPH)
Top of the 6th over - 3 runs, 3 hits, 0 errors, 1 left on base; New Hampshire 3 - Montgomery 5
BOTTOM OF THE 6TH
Montgomery Biscuits batting - Pitching for New Hampshire Fisher Cats : LHP Eddie Muniz
Batting: RHB Freddy Mullen 0-0: Called Strike
0-1: Ball
1-1: Ground out 1-3 (Groundball, 15, EV 71.9 MPH)
Batting: LHB Danny Hull 0-0: Ball
1-0: Ground out 6-3 (Groundball, 6, EV 103.1 MPH)
Batting: SHB Julio Hernandez 0-0: Ball
1-0: Called Strike
1-1: SINGLE (Flyball, 3D, EV 88.8 MPH)
Pitching: LHP Bruce Knight
Batting: RHB Khalil Walker 0-0: Fly out, F4 (Popup, 34, EV 75.6 MPH)
Bottom of the 6th over - 0 runs, 1 hit, 0 errors, 1 left on base; New Hampshire 3 - Montgomery 5
TOP OF THE 7TH
New Hampshire Fisher Cats batting - Pitching for Montgomery Biscuits : LHP Tim Pulliam
Batting: RHB Bill Murray 0-0: Ball
1-0: TRIPLE (Groundball, 5L, EV 103.8 MPH)
Pinch Hitting: RHB Butch Koglin 0-0: Ball
1-0: Ball
2-0: Ball
3-0: Called Strike
3-1: Ground out 5-3 (Groundball, 56S, EV 86.9 MPH)
Bill Murray scores
Batting: RHB Jorge Baret 0-0: Foul Ball, location: 2F
0-1: Ground out 1-3 (Groundball, 34S, EV 65.0 MPH)
Batting: RHB Selam Chimsima 0-0: Ball
1-0: Called Strike
1-1: Called Strike
1-2: SINGLE (Groundball, 56D, EV 101.9 MPH)
Batting: RHB Bryan Peterson 0-0: Ground out 1-3 (Groundball, 15S, EV 72.5 MPH)
Top of the 7th over - 1 run, 2 hits, 0 errors, 1 left on base; New Hampshire 4 - Montgomery 5
BOTTOM OF THE 7TH
Montgomery Biscuits batting - Pitching for New Hampshire Fisher Cats : LHP Bruce Knight
Pitching: RHP Joe Spencer
Now at 1B: Butch Koglin
Batting: RHB Sesto Carpini 0-0: Foul Ball, location: 2F
0-1: SINGLE (Flyball, 8LM, EV 88.1 MPH)
Batting: LHB Harris Vink 0-0: Ball
1-0: Ball
2-0: Sac Bunt to 2L - play at first, batter OUT! 2-3
Sesto Carpini to second
Batting: RHB Chris Thorson 0-0: Ball
1-0: Fly out, F7 (Flyball, 7D, EV 105.0 MPH)
Batting: LHB Darryl Gonnella 0-0: Called Strike
0-1: Foul Ball, location: 2F
0-2: Ball
1-2: Foul Ball, location: 2F
1-2: Ball
2-2: Foul Ball, location: 2F
2-2: Foul Ball, location: 2F
2-2: Foul Ball, location: 2F
2-2: Ball
3-2: Base on Balls
Batting: RHB Jose Arriola 0-0: Ball
1-0: Ball
2-0: Called Strike
2-1: TRIPLE (Line Drive, 89XD, EV 113.1 MPH)
Sesto Carpini scores
Darryl Gonnella scores
Pitching: RHP Jordan Tejeda
Batting: RHB Freddy Mullen 0-0: Called Strike
0-1: Ball
1-1: Called Strike
1-2: Foul Ball, location: 2F
1-2: Strikes out swinging
Bottom of the 7th over - 2 runs, 2 hits, 0 errors, 1 left on base; New Hampshire 4 - Montgomery 7
TOP OF THE 8TH
New Hampshire Fisher Cats batting - Pitching for Montgomery Biscuits : LHP Tim Pulliam
Pitching: RHP Melvin Pena
Batting: SHB Tristan Dearing 0-0: Ground out 4-3 (Groundball, 34D, EV 91.9 MPH)
Batting: RHB Andres de Leon 0-0: Ball
1-0: Foul Ball, location: 2F
1-1: Ground out 6-3 (Groundball, 6M, EV 105.0 MPH)
Batting: RHB Bryan Mattis 0-0: Called Strike
0-1: Fly out, F7 (Flyball, 7S, EV 85.6 MPH)
Top of the 8th over - 0 runs, 0 hits, 0 errors, 0 left on base; New Hampshire 4 - Montgomery 7
BOTTOM OF THE 8TH
Montgomery Biscuits batting - Pitching for New Hampshire Fisher Cats : RHP Jordan Tejeda
Batting: LHB Danny Hull 0-0: Ball
1-0: Ground out 6-3 (Groundball, 6, EV 91.9 MPH)
Batting: SHB Julio Hernandez 0-0: Ball
1-0: Foul Ball, location: 2F
1-1: Called Strike
1-2: Ball
2-2: Ground out 4-3 (Groundball, 4, EV 86.9 MPH)
Batting: RHB Khalil Walker 0-0: Ball
1-0: Ball
2-0: Ball
3-0: Called Strike
3-1: Foul Ball, location: 2F
3-2: Foul Ball, location: 2F
3-2: Foul Ball, location: 2F
3-2: DOUBLE (Flyball, 8RD, EV 94.4 MPH)
Batting: RHB Sesto Carpini 0-0: Swinging Strike
0-1: Ball
1-1: Foul Ball, location: 2F
1-2: Strikes out swinging
Bottom of the 8th over - 0 runs, 1 hit, 0 errors, 1 left on base; New Hampshire 4 - Montgomery 7
TOP OF THE 9TH
New Hampshire Fisher Cats batting - Pitching for Montgomery Biscuits : RHP Melvin Pena
Pitching: RHP Cody Wilharm
Batting: RHB Frank Caulfield 0-0: Ball
1-0: Swinging Strike
1-1: Fly out, F3 (Popup, 34, EV 66.9 MPH)
Batting: RHB Bill Murray 0-0: Ground out 6-3 (Groundball, 6, EV 85.6 MPH)
Batting: RHB Butch Koglin 0-0: Foul Ball, location: 2F
0-1: Called Strike
0-2: Strikes out looking
Top of the 9th over - 0 runs, 0 hits, 0 errors, 0 left on base; New Hampshire 4 - Montgomery 7
Thursday, December 15th , 2022 - OOTP Baseball 23.9 Build 102